 Dungeon Crawl Stone Soup version 0.15-a0-877-g2926600 (webtiles) character file.

17 Amnesiac the Vexing (level 2, -1/17 HPs)
             Began as a Halfling Enchanter on May 17, 2014.
             Slain by a hound (5 damage)
             ... on Level 5 of the Dungeon.
             The game lasted 00:02:44 (997 turns).

Amnesiac the Vexing (Halfling Enchanter)             Turns: 997, Time: 00:02:44

HP  -1/17        AC  4     Str  5      XL: 2   Next: 80%
MP   3/3         EV 15     Int 15      God:
Gold 49          SH  0     Dex 16      Spells:  1 memorised,  3 levels left

rFire  . . .     SeeInvis .     a - +1 dagger
rCold  . . .     Clarity  .     b - +1 robe
rNeg   + . .     Conserve .     (no shield)
rPois  .         rCorr    .     (no helmet)
rElec  .         rRot     .     (no cloak)
SustAb .         Spirit   .     n - +0 pair of gloves
rMut   .         Warding  .     (no boots)
Gourm  .         Stasis   .     (no amulet)
MR     .....                    (no ring)
                                m - ring of positive energy

@: very slightly contaminated, hasted, very quick, not resistant to hostile
enchantments, unstealthy
A: mutation resistance 1, slow metabolism 1
a: no special abilities


You were on level 5 of the Dungeon.
You were not hungry.

You visited 1 branch of the dungeon, and saw 5 of its levels.

You collected 49 gold pieces.

Inventory:

Hand weapons
 a - a +1,+1 dagger (weapon)
Missiles
 d - 12 darts (quivered)
 o - 7 darts of flame
Armour
 b - a +1 robe (worn)
 n - a +0 pair of gloves (worn)
Comestibles
 f - a bread ration
Scrolls
 e - 2 scrolls of remove curse
 j - a scroll of enchant weapon I {unknown}
 k - a scroll of teleportation {unknown}
 l - a scroll of fog {unknown}
 p - a scroll of identify {unknown}
 q - a scroll of fear {unknown}
Jewellery
 m - a ring of positive energy (left hand)
Potions
 g - a potion of haste
 h - 2 potions of heal wounds {unknown}
 i - a potion of cure mutation {unknown}
Books
 c - a book of Maledictions

   Spells                             Type                      Level
   *Corona                            Hexes                        1
   Sure Blade                         Hexes/Charms                 2
   Ensorcelled Hibernation            Hexes/Ice                    2
   Confuse                            Hexes                        3
   Dazzling Spray                     Conjuration/Hexes            3
   Enslavement                        Hexes                        4


   Skills:
 - Level 2.5 Short Blades
 - Level 1.3 Throwing
 - Level 2.4 Dodging
 - Level 2.6 Stealth
 - Level 1.5 Spellcasting
 + Level 3.1 Hexes


You had 3 spell levels left.
You knew the following spells:

 Your Spells              Type           Power        Failure   Level  Hunger
a - Corona                Hex            ##.....      8%          1    ##.....


Dungeon Overview and Level Annotations

Branches:
Dungeon (5/15)
 Temple: D:4-7

Altars:

Annotations:
D:5 Blork the orc


Innate Abilities, Weirdness & Mutations

You are small and have problems with some larger weapons.
You are somewhat resistant to further mutation.
You have a slow metabolism.


Message History

You see here a leather armour.
The worker ant waves its antennae.
The hound barely misses you.
Read which item? (? for menu, Esc to quit)
As you read the scroll labeled FUTISTRE ZIRE, it crumbles to dust.
You feel blessed for a moment.
It was a scroll of remove curse.
The hound bites you. The hound completely misses you.
Read which item? (? for menu, Esc to quit)
Okay, then.
Drink which item? (? for menu, Esc to quit)
You feel yourself speed up.
It was a potion of haste.
The hound bites you.
You are very lightly contaminated with residual magic.
As you open the door, it creaks loudly! The hound completely misses you.
Found a scroll labeled LEGAYPS TAC KHEA.
There is an open door here.
Blork the orc gestures wildly while chanting.
Blork the orc seems to speed up.
The hound bites you.
You die...

###.#.#.#.# ..........#
....#.#...# .........o#
..........# ..........#
........(.# ##########
.........#####.........#
........r.o.a'h@..?.....
........#####.........#
######### #.........
#......... #.........
#........ #.......
#...... #.....


You could see Blork the orc, a hound, a worker ant and a rat.

Vanquished Creatures
  2 goblins
  A hobgoblin (D:1)
  2 jackals (D:3)
  A kobold (D:2)
  5 bats
  2 giant geckos
  A rat (D:2)
14 creatures vanquished.

Notes
Turn   | Place    | Note
--------------------------------------------------------------
     0 | D:1      | Amnesiac, the Halfling Enchanter, began the quest for the Orb.
     0 | D:1      | Reached XP level 1. HP: 11/11 MP: 2/2
   409 | D:1      | Reached XP level 2. HP: 13/17 MP: 3/3
   634 | D:3      | Reached skill level 3 in Hexes
   981 | D:5      | Entered Level 5 of the Dungeon
   981 | D:5      | Noticed Blork the orc
   997 | D:5      | Slain by a hound

Action                   || total
-------------------------++-------
Melee: Dagger            ||    83
 Cast: Corona            ||     3
  Use: Scroll            ||     1
       Potion            ||     1
 Stab: Sleeping          ||     2
